 Dungeon Crawl Stone Soup version 0.28-a0-1560-g060a6a1bfc (webtiles) character file.

Game seed: 11992359239929547471

250010 Nattfarinn the Warrior (level 20, -3/182 HPs)
             Began as a Hill Orc Fighter on Jan 18, 2022.
             Was a High Priest of Okawaru.
             Slain by an orc warlord (43 damage)
             ... on level 1 of the Vaults on Jan 19, 2022.
             The game lasted 02:35:52 (72836 turns).

Nattfarinn the Warrior (Hill Orc Fighter)          Turns: 72836, Time: 02:35:52

Health: -3/182     AC: 31    Str: 33    XL:     20   Next: 6%
Magic:  29/31      EV: 14    Int: 16    God:    Okawaru [*****.]
Gold:   483        SH: 21    Dex: 10    Spells: 19/19 levels left

rFire   + + +      SeeInvis +   h - +6 broad axe of Hatred {flame, rF+ rCorr Int+6}
rCold   + + +      Faith    .   q - +2 shield of Resistance {rF++ rC++ Will++}
rNeg    . . .      Spirit   .   N - +1 chain mail of Grand Curiosity {Drain rPois rCorr Str+5}
rPois   +          Reflect  +   j - +2 hat
rElec   +          Harm     .   y - +2 cloak {Will+}
rCorr   +          Rampage  .   s - +2 pair of gloves
Will    ++++.                   O - +2 pair of boots {Fly}
Stlth   ..........              f - amulet of reflection
HPRegen 0.40/turn               W - ring "Vanust" {rElec rPois rC+}
MPRegen 0.22/turn               L - ring of see invisible

@: heroic, flying, studying Polearms
A: claws 1, iridescent scales 1, clever 1, screaming 1
}: 1/15 runes: serpentine
a: Renounce Religion, Heroism, Finesse, Duel


You were on level 1 of the Vaults.
You worshipped Okawaru.
Okawaru was extremely pleased with you.
You visited 6 branches of the dungeon, and saw 30 of its levels.
You also visited: Bailey and Ice Cave.

You collected 4164 gold pieces.
You spent 3681 gold pieces at shops.

Inventory:

Hand Weapons
 a - the +8 spear "Reaguucw" {vorpal, rC+}
   (You found it on level 2 of the Dungeon)

   It inflicts extra damage upon your enemies.
   rC:        It protects you from cold.
 b - a +3 hand crossbow of flaming
 h - the +6 broad axe of Hatred (weapon) {flame, rF+ rCorr Int+6}
   (Okawaru gifted it to you on level 2 of the Vaults)

   It burns those it strikes, dealing additional fire damage.
   Big, fiery blades are also staple armaments of hydra-hunters.
   Int:       It affects your intelligence (+6).
   rF:        It protects you from fire.
   rCorr:     It protects you from acid and corrosion.
 o - the +6 long sword "Omoemp" {flame, rElec rPois rF+ rCorr}
   (You found it on level 1 of the Vaults)

   It burns those it strikes, dealing additional fire damage.
   Big, fiery blades are also staple armaments of hydra-hunters.
   rF:        It protects you from fire.
   rElec:     It insulates you from electricity.
   rPois:     It protects you from poison.
   rCorr:     It protects you from acid and corrosion.
 z - a +4 arbalest of flaming
Missiles
 n - 2 throwing nets (quivered)
 P - 818 bolts
Armour
 j - a +2 hat (worn)
 q - the +2 shield of Resistance (worn) {rF++ rC++ Will++}
   (You bought it in a shop on level 2 of the Orcish Mines)

   rF:        It greatly protects you from fire.
   rC:        It greatly protects you from cold.
   Will:      It greatly increases your willpower.
 s - a +2 pair of gloves (worn)
 y - a +2 cloak of willpower (worn)
 F - the +0 pair of boots of Indecent Exposure {rC++ Str+6}
   (Okawaru gifted it to you on level 4 of the Lair of Beasts)

   Str:       It affects your strength (+6).
   rC:        It greatly protects you from cold.
 N - the +1 chain mail of Grand Curiosity (worn) {Drain rPois rCorr Str+5}
   (You took it off a deep elf high priest on level 1 of the Vaults)

   Str:       It affects your strength (+5).
   rPois:     It protects you from poison.
   rCorr:     It protects you from acid and corrosion.
   Drain:     It drains your maximum health when unequipped.
 O - a +2 pair of boots of flying (worn)
Jewellery
 f - an amulet of reflection (around neck)
 B - a ring of protection from fire
 H - a ring of positive energy
 L - a ring of see invisible (right hand)
 T - the amulet of Rimnib {Acrobat rC+ rN+}
   (You found it on level 2 of the Lair of Beasts)

   [amulet of the acrobat]

   It increases your evasion while moving and waiting.
   rC:        It protects you from cold.
   rN:        It protects you from negative energy.
 W - the ring "Vanust" (left hand) {rElec rPois rC+}
   (You bought it in a shop on level 3 of the Snake Pit)

   [ring of protection from cold]

   rC:        It protects you from cold.
   rElec:     It insulates you from electricity.
   rPois:     It protects you from poison.
 Y - a ring of willpower
 Z - a +6 ring of dexterity
Wands
 l - a wand of digging (7)
 A - a wand of flame (39)
 D - a wand of paralysis (4)
 K - a wand of mindburst (3)
 U - a wand of polymorph (4)
Scrolls
 c - 3 scrolls of enchant weapon
 m - 2 scrolls of fog
 p - 6 scrolls of vulnerability
 u - 7 scrolls of immolation
 w - 10 scrolls of teleportation
 x - 2 scrolls of magic mapping
 G - 2 scrolls of brand weapon
 M - 6 scrolls of amnesia
 S - 3 scrolls of silence
 V - 2 scrolls of holy word
Potions
 d - a potion of might
 e - 6 potions of mutation
 g - 6 potions of haste
 i - 4 potions of lignification
 k - 2 potions of brilliance
 r - 7 potions of attraction
 t - 10 potions of curing
 C - a potion of magic
 E - 2 potions of ambrosia
 J - 10 potions of cancellation
 R - 2 potions of berserk rage
 X - 5 potions of heal wounds
Miscellaneous
 I - a tin of tremorstones (1/2)
 Q - a phial of floods


   Skills:
 - Level 16.5(21.5) Fighting
 - Level 11.8(16.8) Long Blades
 * Level 11.6(20.8) Axes
 - Level 14.7(20.8) Polearms
 - Level 10.0(15.0) Crossbows
 - Level 14.1(19.1) Armour
 - Level 10.1(15.1) Dodging
 - Level 14.4(19.4) Shields
 - Level 15.0 Invocations
 - Level 13.0 Evocations


You had 19 spell levels left.
You didn't know any spells.
Your spell library contained the following spells:

 Spells                   Type           Power      Damage    Failure   Level
 Apportation              Tloc           0%         N/A       65%         1
 Slow                     Hex            0%         N/A       65%         1
 Blink                    Tloc           0%         N/A       80%         2
 Confusing Touch          Hex            0%         N/A       95%         3
 Conjure Flame            Conj/Fire      0%         6-21      95%         3
 Ignite Poison            Fire/Tmut/Pois 0%         N/A       95%         3
 Lesser Beckoning         Tloc           0%         N/A       95%         3
 Portal Projectile        Hex/Tloc       0%         N/A       95%         3
 Vampiric Draining        Necr           0%         2d6       95%         3
 Hailstorm                Conj/Ice       0%         3d3       100%        4
 Ice Form                 Ice/Tmut       0%         N/A       100%        4
 Sticky Flame             Conj/Fire      0%         2d3       100%        4
 Alistair's Intoxication  Tmut/Pois      0%         N/A       100%        5
 Blade Hands              Tmut           0%         N/A       100%        5
 Excruciating Wounds      Necr           0%         N/A       100%        5
 Manifold Assault         Tloc           0%         N/A       100%        5
 Simulacrum               Ice/Necr       Unusable   N/A       N/A         6

Dungeon Overview and Level Annotations

Branches:
Dungeon (15/15)            Temple (1/1) D:4            Lair (6/6) D:11
 Shoals (0/4) Lair:2        Snake (4/4) Lair:4        Slime (0/5) Lair:5
    Orc (2/2) D:12            Elf (0/3) Orc:2        Vaults (2/5) D:14
 Depths (0/4) D:15         Bailey (visited)           IceCv (visited)
  Crypt: Vaults:2-3

Altars:
Ashenzari
Cheibriados
Dithmenos
Elyvilon
Fedhas
Gozag
Hepliaklqana
Kikubaaqudgha
Makhleb
Nemelex Xobeh
Okawaru
Qazlal
Ru
Sif Muna
Trog
Uskayaw
Vehumet
Wu Jian
Xom
Yredelemnul
Zin
The Shining One
Beogh

Shops:
D:3 [   D:7 =   D:15 *   Orc:2 =*[(   Snake:1 ([*[   Snake:3 =:=   Snake:4 :*
Vaults:1 *

Portals:
Abyss: Lair:5
Trove: D:13 (give 14 scrolls of teleportation)

Annotations:
D:15 Roxanne
Snake:1 6 transporters
Orc:2 3 runed translucent doors, 1Viktor's ghost, journeyman GrFi


Innate Abilities, Weirdness & Mutations

You have sharp fingernails.
You are partially covered in iridescent scales. (AC +2)
Your mind is acute. (Int +2)
You occasionally shout uncontrollably at your foes.


Message History

You block the orc warlord's attack. You block the orc knight's attack.
The orc knight unwields a +0 arbalest.
The orc knight wields a +0 bardiche.
The orc knight hits you with a +0 bardiche!!
The orc warlord blocks your attack.
The orc warlord is moderately wounded.
You closely miss the orc knight. You block the orc warlord's attack.
The orc knight closely misses you. The orc warlord blocks your attack.
The orc warlord is moderately wounded.
You hit the orc knight. You burn the orc knight.
You block the orc knight's attack. You block the orc warlord's attack.
The orc knight hits you from afar with a +0 bardiche!!!
Unknown command.
The orc warlord blocks your attack.
The orc warlord is moderately wounded.
You hit the orc knight but do no damage.
The orc warlord no longer looks unusually strong.
The orc knight roars a battlecry!
The orc warlord goes into a battle-frenzy!
You block the orc warlord's attack.
The orc knight unwields a +0 bardiche.
The orc knight wields a +0 arbalest.
The orc knight shoots a bolt.
The bolt hits you.
The orc knight shoots a bolt.
You reflect the bolt off an invisible shield around you!
The bolt hits the orc knight.
The orc knight shoots a bolt.
The bolt hits you.
Items here: )) [[[ ††.
The orc knight no longer looks unusually strong.
There is a stone staircase leading up, spattered with blood here.
The orc warlord roars a battlecry!
The orc knights go into a battle-frenzy!
You fly upwards.
There is a stone staircase leading down, spattered with blood here.
You gain the combat prowess of a mighty hero.
The orc warlord hits you with a +2 war axe!!!
* * * LOW HITPOINT WARNING * * *
You slice the orc warlord!! You burn the orc warlord.
The orc warlord is moderately wounded.
The orc warlord hits you with a +2 war axe!!!
You die...

#####'##'##########...# ###
......................###########
.................................
.................................
.....................[)..........
..........................^......
#############'######.......######
#......(#.......#
#....@..#.......#
#....o..#.......# ###
##########.......#.......# #..
#.......##.......#.......# #..
#.......##.......#.......# #.#
#......[##########.......# #..
#.....>.# #.......# #.. #.....[)#
#.......###### #.......#
#.............


You could see an orc warlord (strong).

Vanquished Creatures
  Sojobo (Vaults:2)
  Vashnia (Arena)
  Saint Roka (Snake:4)
  Kirke (Lair:5)
  A sphinx (Vaults:1)
  Agnes (D:14)
  2 tengu reavers (Vaults:2)
  4 nagarajas
  A vault warden (Vaults:1)
  Aizul (Snake:4)
  2 orc warlords (Orc:1)
  2 war gargoyles
  The ghost of Cyrugi the Tainter, a journeyman FoVM of Uskayaw (Lair:4)
  The ghost of Ludaler the Severer, a journeyman DDGl of Trog (Lair:5)
  An ironbound thunderhulk (Vaults:2)
  11 ironbound preservers
  Nessos (D:12)
  4 dire elephants
  The ghost of Viuvacup the Cleaver, a journeyman GrFi of the Shining One (D:14)
  A crystal guardian (Vaults:2)
  A fire dragon (Lair:6)
  A deep elf high priest (Vaults:1)
  An ice dragon (Arena)
  2 yaktaur captains
  Josephine (Arena)
  A great orb of eyes (Vaults:1)
  6 vault guards
  Harold (D:7)
  Fannar (Lair:2)
  2 ironbound frosthearts
  8 naga warriors
  2 peacekeepers
  5 boulder beetles
  A rakshasa (Lair:5)
  4 salamander tyrants
  14 anacondas
  8 hydras
  13 centaur warriors
  2 ogre magi
  2 death knights (D:14)
  The ghost of Nattfarinn the Protected, a novice HOFi of Okawaru (D:9)
  8 two-headed ogres
  The ghost of anet the Messiah, a novice HOFi of Beogh (D:7)
  A hell hog (Lair:5)
  A tengu warrior (D:8)
  17 naga sharpshooters
  8 orc high priests
  Sonja (Lair:2)
  7 shock serpents
  A sun demon (Lair:5)
  The ghost of Gilette the Spear-Bearer, a novice HuMo (D:6)
  4 salamander mystics
  50 deep trolls
  A glowing orange brain (D:9)
  A swamp dragon (Lair:6)
  9 naga ritualists
  4 wizards
  3 ironbound convokers
  5 lindwurms (Vaults:2)
  2 deep elf pyromancers
  A necromancer (D:15)
  6 harpies (Vaults:1)
  14 orc knights
  A wolf spider zombie (D:15)
  6 cyclopes
  12 mana vipers
  19 ugly things
  An oklob plant (Orc:2)
  A wolf spider (Lair:4)
  21 salamanders
  9 orc sorcerers
  8 manticores
  3 merfolk sirens (Lair:2)
  The ghost of Nattfarinn the Covert, a novice KoBr (D:6)
  A guardian serpent (shapeshifter) (D:9)
  A manticore (shapeshifter) (D:9)
  A rust devil (Lair:5)
  2 ice statues (IceCv)
  43 black mambas
  14 cane toads
  12 elephants
  21 naga magi
  7 guardian serpents
  6 vault sentinels (Vaults:1)
  A torpor snail (Lair:6)
  A gargoyle (D:10)
  3 centaur skeletons (D:15)
  12 yaktaurs
  2 unseen horrors
  6 rime drakes
  A tengu conjurer (D:13)
  7 komodo dragons
  2 freezing wraiths
  An ancient zyme (Lair:5)
  A red devil (Lair:5)
  The ghost of Veteran the Destroyer, a novice DECj of Vehumet (D:6)
  13 trolls
  A troll (shapeshifter) (D:8)
  A merfolk (Lair:2)
  12 polar bears
  Grinder (D:6)
  A hornet (Lair:5)
  Prince Ribbit (Lair:2)
  38 slime creatures
  11 blink frogs
  2 centaur simulacra
  A spriggan (Lair:5)
  5 wraiths
  A shadow (D:9)
  5 wyverns
  3 humans (Lair:5)
  2 neqoxecs (D:9)
  6 steam dragons
  42 yaks
  7 vampire mosquitoes
  A hog (Lair:5)
  6 basilisks
  A redback (D:13)
  Menkaure (D:7)
  11 wargs
  2 acid dragons
  36 nagas
  A swamp worm (shapeshifter) (Vaults:2)
  16 water moccasins
  17 hell hounds (Lair:6)
  Duvessa (D:6)
  A hornet zombie (D:14)
  4 swamp drakes (Lair:6)
  53 orc warriors
  14 black bears
  10 ogres
  An ice beast (D:12)
  A necrophage (D:6)
  36 wolves
  2 phantoms (D:5)
  5 centaurs
  15 bullfrogs
  2 kobold brigands (D:11)
  A gnoll sergeant (D:9)
  A wyvern zombie (D:6)
  2 scorpions (D:5)
  A water moccasin zombie (D:5)
  A wyvern skeleton (D:6)
  Dowan (D:6)
  5 lindwurm simulacra (IceCv)
  7 killer bees
  8 wights
  3 electric eels
  7 howler monkeys
  5 centaur zombies
  5 komodo dragon simulacra (IceCv)
  2 gnoll shamans (D:7)
  33 orc priests
  3 bullfrog skeletons
  2 hounds
  4 iguanas
  29 orc wizards
  3 killer bee zombies
  2 hound skeletons
  12 gnolls
  A howler monkey skeleton (D:7)
  4 acid dragon simulacra (IceCv)
  An adder (D:5)
  A shadow imp (D:7)
  3 white imps
  7 steam dragon simulacra (IceCv)
  An adder skeleton (D:4)
  2 worms (D:2)
  2 dart slugs
  81 orcs
  7 bats
  5 endoplasms
  4 giant cockroaches
  13 goblins
  13 hobgoblins
  9 jackals
  6 quokkas
  9 ball pythons
  4 frilled lizards
  23 kobolds
  6 rats
  A butterfly (Lair:5)
1220 creatures vanquished.

Vanquished Creatures (others)
  A sky beast (D:6)
  2 orc wizards (Orc:1)
  An orc (Orc:1)
  40 fungi
  95 plants
  4 withered plants (D:6)
143 creatures vanquished.

Grand Total: 1363 creatures vanquished

Notes
Turn   | Place    | Note
-------+----------+-------------------------------------------
     0 | D:1      | Nattfarinn the Hill Orc Fighter began the quest for the
                  | Orb.
     0 | D:1      | Reached XP level 1. HP: 19/19 MP: 1/1
   160 | D:1      | Reached XP level 2. HP: 27/27 MP: 2/2
   418 | D:1      | Found a faded altar of an unknown god.
   626 | D:1      | Reached skill level 4 in Fighting
   628 | D:1      | Reached XP level 3. HP: 29/33 MP: 3/3
  1095 | D:2      | Identified the +8 spear "Reaguucw" {vorpal, rC+}
  1465 | D:2      | Reached skill level 1 in Polearms
  1868 | D:3      | Reached XP level 4. HP: 40/40 MP: 4/4
  2222 | D:3      | Found Vasu's Armour Boutique.
  2663 | D:4      | Noticed a centaur
  2668 | D:4      | Killed a centaur
  2669 | D:4      | Reached XP level 5. HP: 35/47 MP: 5/5
  2866 | D:4      | Found a bloodstained altar of Trog.
  2872 | D:4      | Noticed a black bear
  2886 | D:4      | Killed a black bear
  2887 | D:4      | Reached skill level 5 in Fighting
  2887 | D:4      | Reached skill level 5 in Armour
  2887 | D:4      | Reached XP level 6. HP: 30/56 MP: 6/6
  3053 | D:4      | Found a staircase to the Ecumenical Temple.
  3058 | D:4      | Noticed a black bear
  3068 | D:4      | Killed a black bear
  3075 | Temple   | Entered the Ecumenical Temple
  3234 | Temple   | Became a worshipper of Warmaster Okawaru
  3301 | D:4      | Reached XP level 7. HP: 10/61 MP: 7/7
  3606 | D:4      | Reached skill level 5 in Polearms
  3999 | D:5      | Entered Level 5 of the Dungeon
  4079 | D:5      | Reached skill level 6 in Fighting
  4097 | D:5      | Reached * piety under Okawaru
  4109 | D:5      | Found a sparkling altar of Nemelex Xobeh.
  4115 | D:5      | Found a hazy altar of Hepliaklqana.
  4120 | D:5      | Found an ornate altar of the Wu Jian Council.
  4286 | D:5      | Reached XP level 8. HP: 71/71 MP: 8/8
  4302 | D:5      | Found an ancient bone altar of Kikubaaqudgha.
  4907 | D:6      | Reached skill level 7 in Fighting
  4984 | D:6      | Reached ** piety under Okawaru
  5032 | D:6      | Noticed Grinder
  5046 | D:6      | Killed Grinder
  5047 | D:6      | Reached skill level 10 in Polearms
  5231 | D:6      | Reached XP level 9. HP: 79/79 MP: 9/9
  5556 | D:6      | Reached skill level 8 in Fighting
  5932 | D:6      | Found a runed translucent gate.
  5933 | D:6      | Found a runed translucent gate.
  5933 | D:6      | Found a runed translucent gate.
  5937 | D:6      | Noticed Nattfarinn's ghost (novice KoBr)
  5937 | D:6      | Noticed Gilette's ghost (novice HuMo)
  5937 | D:6      | Noticed Veteran's ghost (novice DECj)
  6446 | D:7      | Noticed Harold
  6687 | D:7      | Killed Harold
  6687 | D:7      | Reached *** piety under Okawaru
  6688 | D:7      | Reached skill level 9 in Fighting
  7105 | D:7      | Reached skill level 1 in Dodging
  7272 | D:7      | Noticed Dowan
  7273 | D:7      | Noticed Duvessa
  7530 | D:7      | Reached XP level 10. HP: 91/91 MP: 10/10
  7597 | D:7      | Found a runed translucent gate.
  7597 | D:7      | Identified the +0 chain mail "Ziloavar" {rC+}
  7598 | D:7      | Found a runed translucent gate.
  7598 | D:7      | Noticed anet's ghost (novice HOFi)
  7599 | D:7      | Found a runed translucent gate.
  7785 | D:7      | Found Etut's Jewellery Shoppe.
  7840 | D:7      | Noticed Menkaure
  7850 | D:7      | Killed Menkaure
  8046 | D:7      | Found a roughly hewn altar of Beogh.
  8096 | D:6      | Killed Duvessa
  8098 | D:6      | Killed Dowan
  8621 | D:8      | Noticed a manticore
  8624 | D:8      | Noticed a green ugly thing
  8626 | D:8      | Noticed a tengu warrior
  8641 | D:8      | Killed a green ugly thing
  8641 | D:8      | Reached **** piety under Okawaru
  8651 | D:8      | Killed a manticore
  8672 | D:8      | Killed a tengu warrior
  8673 | D:8      | Reached skill level 5 in Shields
  9541 | D:8      | Reached skill level 1 in Invocations
  9656 | D:9      | Found a flagged portal.
  9665 | Bailey   | Entered a bailey
  9855 | Bailey   | Reached ***** piety under Okawaru
 10420 | D:9      | Reached skill level 5 in Invocations
 10534 | D:9      | Found a runed translucent gate.
 10534 | D:9      | Found a runed translucent gate.
 10534 | D:9      | Found a runed translucent gate.
 10534 | D:9      | Noticed a cyan ugly thing
 10535 | D:9      | Noticed a white ugly thing
 10535 | D:9      | Noticed a green ugly thing
 10535 | D:9      | Noticed a cyan ugly thing
 10535 | D:9      | Noticed a green ugly thing
 10535 | D:9      | Noticed a bunyip
 10572 | D:8      | Reached XP level 11. HP: 81/97 MP: 15/15
 10955 | D:9      | Found a glowing silver altar of Zin.
 11311 | D:9      | Noticed a glowing orange brain
 11437 | D:10     | Entered Level 10 of the Dungeon
 11478 | D:10     | Noticed a two-headed ogre
 11486 | D:10     | Killed a two-headed ogre
 12223 | D:10     | Reached skill level 10 in Invocations
 12231 | D:10     | Reached ****** piety under Okawaru
 13065 | D:11     | Reached skill level 10 in Fighting
 13125 | D:11     | Received a gift from Okawaru
 13363 | D:11     | Noticed a two-headed ogre
 13368 | D:11     | Killed a two-headed ogre
 13401 | D:11     | Reached skill level 11 in Fighting
 13873 | D:11     | Found a staircase to the Lair.
 13974 | D:12     | Noticed a manticore
 13990 | D:12     | Killed a manticore
 13991 | D:12     | Reached XP level 12. HP: 88/112 MP: 19/19
 14091 | D:12     | Noticed Nessos
 14403 | D:12     | Killed Nessos
 14404 | D:12     | Reached skill level 12 in Fighting
 14701 | D:12     | Reached skill level 13 in Fighting
 14741 | D:12     | Found a staircase to the Orcish Mines.
 14934 | D:12     | Received a gift from Okawaru
 15113 | D:12     | Reached skill level 14 in Fighting
 15113 | D:12     | Noticed Josephine
 15115 | Arena    | Entered the Arena
 15131 | Arena    | Killed Josephine
 15380 | D:12     | Noticed a two-headed ogre
 15399 | D:12     | Killed a two-headed ogre
 15593 | D:12     | Received a gift from Okawaru
 15602 | D:12     | Reached skill level 15 in Fighting
 16005 | Lair:1   | Entered Level 1 of the Lair of Beasts
 16020 | Lair:1   | Reached skill level 1 in Evocations
 16421 | Lair:1   | Reached skill level 5 in Evocations
 16618 | Lair:1   | Reached XP level 13. HP: 126/126 MP: 20/20
 16932 | Lair:2   | Noticed Sonja
 16938 | Lair:2   | Killed Sonja
 16998 | Lair:2   | Noticed Fannar
 17024 | Lair:1   | Identified the +10 spear of Mihuc {protect, Str+4} (Okawaru
                  | gifted it to you on level 1 of the Lair of Beasts)
 17024 | Lair:1   | Received a gift from Okawaru
 17092 | Lair:2   | Killed Fannar
 17385 | Lair:2   | Found a staircase to the Shoals.
 17635 | Lair:2   | Noticed Prince Ribbit
 17656 | Lair:2   | Killed Prince Ribbit
 17702 | Lair:2   | Identified the amulet of Rimnib {Acrobat rC+ rN+}
 18088 | Lair:3   | Found a frozen archway.
 18112 | IceCv    | Entered an ice cave
 18407 | IceCv    | Received a gift from Okawaru
 18579 | IceCv    | Identified the +2 robe "Riv Vaut" {rPois rF+ rC+}
 18610 | IceCv    | Noticed an ice dragon
 18625 | Arena    | Entered the Arena
 18637 | Arena    | Killed an ice dragon
 18638 | Arena    | Reached skill level 10 in Evocations
 20526 | Lair:3   | Identified the +10 battleaxe "Imidauc" {antimagic, rF+
                  | Will+} (Okawaru gifted it to you on level 3 of the Lair of
                  | Beasts)
 20526 | Lair:3   | Received a gift from Okawaru
 20660 | Lair:4   | Found a runed translucent door.
 20668 | Lair:4   | Noticed Cyrugi's ghost (journeyman FoVM)
 20722 | Lair:4   | Found a staircase to the Snake Pit.
 21555 | Lair:4   | Reached XP level 14. HP: 135/135 MP: 21/21
 21890 | Lair:4   | Identified the +0 pair of boots of Indecent Exposure {rC++
                  | Str+6} (Okawaru gifted it to you on level 4 of the Lair of
                  | Beasts)
 21890 | Lair:4   | Received a gift from Okawaru
 23035 | Lair:5   | Reached skill level 5 in Axes
 23133 | Lair:5   | Found a staircase to the Slime Pits.
 23273 | Lair:5   | Found a one-way gate to the infinite horrors of the Abyss.
 23273 | Lair:5   | Noticed Ludaler's ghost (journeyman DDGl)
 23293 | Lair:5   | Found a transporter.
 23308 | Lair:5   | Found a transporter.
 23456 | Lair:5   | Noticed Kirke
 23475 | Lair:5   | Killed Kirke
 23740 | Lair:6   | Entered Level 6 of the Lair of Beasts
 26693 | Lair:6   | Received a gift from Okawaru
 26765 | Lair:6   | Reached skill level 10 in Armour
 27220 | Lair:6   | Reached XP level 15. HP: 131/141 MP: 23/23
 27775 | Lair:6   | Identified a scroll of acquirement
 27775 | Lair:6   | Acquired an amulet of reflection
 28836 | D:13     | Received a gift from Okawaru
 29626 | D:13     | Found a portal to a secret trove of treasure.
 29961 | D:14     | Found a basalt altar of Yredelemnul.
 30321 | D:14     | Found a shimmering altar of Xom.
 30564 | D:14     | Found a runed translucent gate.
 30564 | D:14     | Found a runed translucent gate.
 30564 | D:14     | Found a runed translucent gate.
 30564 | D:14     | Noticed Viuvacup's ghost (journeyman GrFi)
 31491 | D:14     | Identified the -5 cloak "Unuulor" {rN+} (Okawaru gifted it
                  | to you on level 14 of the Dungeon)
 31491 | D:14     | Received a gift from Okawaru
 32004 | D:14     | Found a gate to the Vaults.
 32066 | D:15     | Entered Level 15 of the Dungeon
 32575 | D:14     | Killed Viuvacup's ghost
 32915 | D:7      | Killed anet's ghost
 33064 | D:7      | Identified the +0 cloak of the Miller {Int+4}
 33160 | D:6      | Killed Gilette's ghost
 33163 | D:6      | Killed Nattfarinn's ghost
 33167 | D:6      | Killed Veteran's ghost
 34008 | D:9      | Found a runed translucent gate.
 34008 | D:9      | Found a runed translucent gate.
 34013 | D:9      | Found a runed translucent gate.
 34013 | D:9      | Noticed Nattfarinn's ghost (novice HOFi)
 34015 | D:9      | Acquired a manual of Polearms
 34041 | D:9      | Gained mutation: You are clumsy. (Dex -2) [a neqoxec]
 34054 | D:9      | Gained mutation: You are weak. (Str -2) [a neqoxec]
 34063 | D:9      | Gained mutation: You do not regenerate when monsters are
                  | visible. [a neqoxec]
 34089 | D:9      | Killed Nattfarinn's ghost
 34098 | D:9      | Lost mutation: You are clumsy. (Dex -2) [potion of
                  | mutation]
 34098 | D:9      | Lost mutation: You do not regenerate when monsters are
                  | visible. [potion of mutation]
 34098 | D:9      | Gained mutation: You are robust. (+10% HP) [potion of
                  | mutation]
 34098 | D:9      | Gained mutation: Your mind is acute. (Int +2) [potion of
                  | mutation]
 34099 | D:9      | Lost mutation: You are robust. (+10% HP) [potion of
                  | mutation]
 34099 | D:9      | Lost mutation: You are weak. (Str -2) [potion of mutation]
 34099 | D:9      | Lost mutation: Your mind is acute. (Int +2) [potion of
                  | mutation]
 34099 | D:9      | Gained mutation: Your mind is acute. (Int +2) [potion of
                  | mutation]
 34099 | D:9      | Gained mutation: You have sharp fingernails. [potion of
                  | mutation]
 34099 | D:9      | Gained mutation: You are partially covered in iridescent
                  | scales. (AC +2) [potion of mutation]
 35026 | Lair:5   | Killed Ludaler's ghost
 36110 | D:15     | Noticed Roxanne
 36110 | D:15     | Noticed Agnes
 37106 | D:14     | Reached XP level 16. HP: 121/151 MP: 25/25
 37172 | D:14     | Killed Agnes
 38547 | D:14     | Reached skill level 16 in Fighting
 38632 | D:15     | Received a gift from Okawaru
 40257 | D:15     | Found Luos's Neck Hole.
 40686 | D:15     | Found a staircase to the Depths.
 40722 | D:15     | Received a gift from Okawaru
 40723 | D:15     | Reached skill level 15 in Invocations
 41079 | Orc:1    | Entered Level 1 of the Orcish Mines
 42220 | D:12     | Received a gift from Okawaru
 43461 | Orc:1    | You are sucked into a shaft and drop 1 floor!
 43461 | Orc:2    | Entered Level 2 of the Orcish Mines
 43476 | Orc:2    | Found a staircase to the Elven Halls.
 44516 | Orc:2    | Found a runed translucent gate.
 44571 | Orc:2    | Reached skill level 10 in Shields
 45258 | Orc:2    | Found a runed translucent gate.
 45258 | Orc:2    | Found a runed translucent gate.
 45258 | Orc:2    | Noticed 1Viktor's ghost (journeyman GrFi)
 46751 | Orc:2    | Received a gift from Okawaru
 46904 | Orc:2    | Gained mutation: You occasionally shout uncontrollably at
                  | your foes. [a neqoxec]
 48207 | Orc:2    | Found Xefibo's Antique Armour Shoppe.
 48208 | Orc:2    | Found Etysm's Antique Weapon Shoppe.
 48210 | Orc:2    | Found Sutz's General Store.
 48210 | Orc:2    | Found Dairruhu's Jewellery Emporium.
 48215 | Orc:2    | Bought the +2 shield of Resistance {rF++ rC++ Will++} for
                  | 2076 gold pieces
 48215 | Orc:2    | Found the +2 shield of Resistance {rF++ rC++ Will++}
 48412 | Orc:2    | Bought a potion of haste for 140 gold pieces
 48412 | Orc:2    | Bought a scroll of blinking for 105 gold pieces
 48529 | Orc:2    | Bought a ring of see invisible for 255 gold pieces
 48728 | Snake:1  | Entered Level 1 of the Snake Pit
 48753 | Lair:4   | Reached XP level 17. HP: 98/159 MP: 26/28
 50000 | Snake:1  | Found a transporter.
 50002 | Snake:1  | Found a transporter.
 50921 | Snake:1  | Found a transporter.
 50927 | Snake:1  | Found a transporter.
 51084 | Snake:1  | Found a transporter.
 51088 | Snake:1  | Found a transporter.
 51909 | Snake:1  | Found Wiavygab's Antique Armour Boutique.
 51909 | Snake:1  | Found Taraacaf's Antique Weapon Boutique.
 51909 | Snake:1  | Found Pelack's Assorted Antiques.
 51915 | Snake:1  | Found Ojeafripp's Armour Boutique.
 51923 | Snake:1  | Bought a scroll of enchant armour for 285 gold pieces
 52248 | Lair:4   | Killed Cyrugi's ghost
 52926 | Snake:2  | Found a sparkling altar of Nemelex Xobeh.
 53048 | Snake:2  | Identified the +2 robe of Impermeability {-Tele rN+ rCorr
                  | Dex+2}
 53077 | Snake:2  | Reached skill level 5 in Dodging
 53830 | Snake:2  | Received a gift from Okawaru
 55373 | Snake:3  | Upgraded the game from 0.28-a0-1545-g945cd3f27e to
                  | 0.28-a0-1560-g060a6a1bfc
 55791 | Snake:3  | Found Hiuvvaerch's Book Emporium.
 55792 | Snake:3  | Found Oraobef's Jewellery Boutique.
 55792 | Snake:3  | Found Kore's Jewellery Boutique.
 55802 | Snake:3  | Bought the ring "Vanust" {rElec rPois rC+} for 820 gold
                  | pieces
 56302 | Snake:3  | Found a snail-covered altar of Cheibriados.
 56603 | Snake:4  | Entered Level 4 of the Snake Pit
 56833 | Snake:3  | Received a gift from Okawaru
 58338 | Snake:4  | Reached XP level 18. HP: 146/168 MP: 29/29
 58750 | Snake:4  | Found Qedudo's Assorted Antiques.
 58750 | Snake:4  | Found Zuiffam's Book Shop.
 59193 | Snake:4  | Noticed Vashnia
 59256 | Arena    | Entered the Arena
 59295 | Arena    | Killed Vashnia
 59598 | Snake:4  | Reached skill level 10 in Dodging
 60090 | Snake:3  | Reached skill level 1 in Crossbows
 60705 | Snake:4  | Noticed Aizul
 61107 | Snake:4  | Killed Aizul
 61968 | Snake:4  | Noticed Saint Roka
 62013 | Snake:4  | Killed Saint Roka
 62014 | Snake:4  | Reached skill level 5 in Crossbows
 63552 | Snake:4  | Got a serpentine rune of Zot
 63567 | Snake:4  | Received a gift from Okawaru
 64047 | Vaults:1 | Entered Level 1 of the Vaults
 65419 | Vaults:1 | Identified the +6 long sword "Omoemp" {flame, rElec rPois
                  | rF+ rCorr}
 65463 | Vaults:1 | Reached XP level 19. HP: 113/174 MP: 30/30
 65700 | Vaults:1 | Identified the +1 chain mail of Grand Curiosity {Drain
                  | rPois rCorr Str+5}
 65869 | D:14     | Received a gift from Okawaru
 65870 | D:14     | Reached skill level 10 in Crossbows
 66166 | D:14     | one-handed
 66329 | D:14     | Reached skill level 1 in Long Blades
 66673 | Vaults:1 | Received a gift from Okawaru
 66981 | Vaults:1 | Found Gokoava's Assorted Antiques.
 67815 | Vaults:1 | Reached skill level 5 in Long Blades
 68409 | Vaults:1 | Received a gift from Okawaru
 69213 | Vaults:2 | Received a gift from Okawaru
 70084 | Vaults:2 | Noticed Sojobo
 70116 | Vaults:2 | Killed Sojobo
 70323 | Vaults:2 | Reached skill level 10 in Long Blades
 71642 | Vaults:2 | Identified the +9 hunting sling of the Seven Seers {vorpal,
                  | rC- Str+5 Dex-3 SInv}
 71967 | Vaults:2 | Identified the +6 broad axe of Hatred {flame, rF+ rCorr
                  | Int+6} (Okawaru gifted it to you on level 2 of the Vaults)
 71967 | Vaults:2 | Received a gift from Okawaru
 72143 | Vaults:2 | Reached skill level 10 in Axes
 72230 | Vaults:2 | Reached XP level 20. HP: 59/182 MP: 31/31
 72836 | Vaults:1 | Slain by an orc warlord

Illustrated notes

....#....#.....#...#....#.#
....###..#.....#...#....#.#
......#..#.....#...#+####.#
#######..##+####..........#
..........................#
.......######.............#
.......# #.............#
##.....# #..#############
.#.....# #..#@#.#.#.#.#.##
.#.....# #..##.#.#.#.#.#.#
.#.....# #..#.#.#.#.#.#.##
.#.....#### #.###.#.#.#.#.#.#
.'........###.##.#.#.#.#.#.##
.#............###[#.#.#.#[#.#
.#............'#.#.#.#.#.#[##
.#............###.#.#.#.#.#.##
.#............##############.#


Turn 66166 on D:14: one-handed

Levels and vault maps discovered:
D:1:      minmay_arrival_jagged, layout_basic, basic_ecumenical_altar
D:2:      layout_basic, st_stairs_13
D:3:      layout_loops_corners, serial_shops, nicolae_shop_crystal,
          minmay_misc_feat_doors
D:4:      layout_loops_ring, trog_ov_bears_minmay,
          minmay_temple_entry_statues_fountains, amcnicky_mini_pool_small,
          hangedman_abyss_or_decor_lesser_grid, minmay_manual_mandibuliform
D:5:      layout_loops_cross, kiku_gazebo_garden_becter,
          minmay_overflow_temple_star_quad
D:6:      layout_loops_ring, gammafunk_ghost_cemetery, hangedman_decor_push,
          minmay_door_square, minmay_splitting_lines,
          nicolae_concentric_dashed_squares_mild, uniq_grinder
D:7:      layout_basic, biasface_ghost_orc_armoury, serial_shops,
          nicolae_shop_stone, uniq_duvessa, uniq_harold, uniq_menkaure
D:8:      minmay_curly_fans, layout_basic
D:9:      layout_basic, kennysheep_mini_moat, enter_bailey_6,
          ploomutoo_gammafunk_ghost_potion_laboratory
D:10:     layout_loops_corners, grunt_ministairs_5
D:11:     layout_gridville, lair_entry_dummy
D:12:     layout_loops_ring, orc_0_dummy, serial_ice, serial_ice_b,
          serial_ice_g, serial_ice_a, serial_ice_f, serial_ice_j, uniq_nessos,
          uniq_josephine
D:13:     layout_basic, enter_trove_5
D:14:     layout_irregular_city, david_vaults_5, ebering_ghost_rock_garden,
          xom_teletrap_fun, lemuel_zombie_altar_yredelemnul
D:15:     grunt_enter_depths_magical_seal, layout_rooms, dk_noncrumbling_4,
          nicolae_shop_sticking_my_neck_out, uniq_roxanne, uniq_agnes
Temple:   nicolae_temple_elliptical
Lair:1:   layout_misc_corridors
Lair:2:   layout_long_grid, elwin_shoals_entry_stream, uniq_fannar, uniq_sonja,
          uniq_prince_ribbit2
Lair:3:   layout_loops_ring, portal_ice_cave_entry_pillars_1,
          infiniplex_staircase_pool
Lair:4:   layout_regular_city, minmay_snake_entry_six_corridors,
          ebering_ghost_inner_flame
Lair:5:   layout_gridlike, slime_dummy, gammafunk_ghost_abyssal_escape,
          uniq_kirke
Lair:6:   guppyfry_lair_end_dragon, layout_small_grid,
          hangedman_lair_caniforms_friends, lemuel_fruit_fields,
          serial_bayou_shore_a
Snake:1:  hangedman_cross_stitches, layout_chambers, minmay_shop_grid_forest,
          serial_nicolae_subway, nicolae_sub_station_crystal,
          nicolae_sub_station_metal, nicolae_sub_station_stone
Snake:2:  layout_layer_cave, basic_altar
Snake:3:  layout_rooms, basic_altar, eino_curves_02, st_stairs_4,
          minmay_shop_grove, lemuel_fruit_tree
Snake:4:  johnstein_snake_rune_scales, layout_cave_town, minmay_shoptagon,
          uniq_aizul, uniq_saint_roka, uniq_vashnia
Orc:1:    layout_caves, guppyfry_orc_lava_fort
Orc:2:    st_orc_congregation, layout_caves, gammafunk_ghost_necromancy,
          mines3_lemuel
Vaults:1: hangedman_vaults_slice, v_alt_pattern_4, vaults_room_guarded_vault,
          v_rooms_6, v_misc_23, hangedman_vaults_cutoff,
          nicolae_vaults_asterisk, hangedman_vaults_cutoff,
          hangedman_vaults_pinch, ontoclasm_vaults_misaligned,
          layout_vaults_omnigrid, serial_shops, nicolae_square_shop
Vaults:2: minmay_crypt_entry_simple_walls, vaults_room_door_hall,
          emtedronai_trogs_sanctum, nicolae_vaults_what_the_h,
          grunt_vaults_focal, ontoclasm_vaults_decontamination,
          vaults_mumra_chevron, nicolae_vaults_yaktaur_gun_rack,
          hangedman_vaults_nodes, v_misc_8, vaults_room_pools,
          grunt_vaults_diagonal, vaults_dpeg_encased_lava,
          ontoclasm_vaults_shuriken, layout_vaults_omnicross, uniq_sojobo

Skill      XL: |  1  2  3  4  5  6  7  8  9 10 11 12 13 14 15 16 17 18 19 20 |
---------------+-------------------------------------------------------------+-----
Axes           | 3 9 10 11 | 11.6
Fighting       | 4 5 6 7 9 11 15 16 | 16.5
Armour         | 4 5 6 7 8 9 10 14 | 14.1
Polearms       | 1 2 3 4 7 10 11 14 | 14.7
Dodging        | 1 4 8 10 | 10.1
Shields        | 6 7 12 14 | 14.4
Invocations    | 5 10 13 15 | 15.0
Evocations     | 5 12 13 | 13.0
Crossbows      | 9 10 | 10.0
Long Blades    | 11 | 11.8

Action                   |  1- 3 |  4- 6 |  7- 9 | 10-12 | 13-15 | 16-18 | 19-21 || total
-------------------------+-------+-------+-------+-------+-------+-------+-------++-------
Melee: War axe           |    43 |       |       |       |       |       |       ||    43
       Whip              |    50 |       |       |       |       |       |       ||    50
       Spear             |    33 |    82 |   217 |   788 |  2235 |  3150 |   968 ||  7473
       Broad axe         |       |       |       |       |       |       |    76 ||    76
 Fire: Hand crossbow     |       |       |       |       |       |    41 |       ||    41
Throw: Throwing net      |       |       |       |       |     2 |       |       ||     2
Invok: Heroism           |       |       |     2 |     6 |     8 |    15 |     5 ||    36
       Finesse           |       |       |       |     1 |     2 |     6 |     4 ||    13
       Duel              |       |       |       |     1 |     1 |     1 |       ||     3
Evoke: Wand              |       |       |       |     3 |    11 |    21 |       ||    35
       Phial of floods   |       |       |       |       |     3 |     3 |     1 ||     7
       Tin of tremorston |       |       |       |       |     3 |     8 |     3 ||    14
  Use: Potion            |       |       |     1 |     5 |     7 |    10 |       ||    23
       Scroll            |       |       |       |    10 |    17 |    16 |     3 ||    46
 Stab: Paralysed         |       |       |       |     6 |     2 |       |       ||     8
       Held in net/web   |       |       |       |       |     3 |       |       ||     3
       Distracted        |       |       |       |       |       |     1 |       ||     1
Armor: Scale mail        |    51 |    26 |    49 |   225 |   761 |   835 |    82 ||  2029
       Chain mail        |       |       |       |       |       |       |   293 ||   293
Dodge: Dodged            |    50 |    19 |    51 |   222 |   812 |   861 |   240 ||  2255
Block: Buckler           |    24 |     7 |    17 |   125 |   340 |   173 |       ||   686
       Kite shield       |       |       |       |       |       |  1055 |   779 ||  1834
       Reflection        |       |       |       |       |       |    16 |    35 ||    51

Table legend: (Time is in decaauts)
 A = Elapsed time spent in this place.
 B = Non-inter-level travel time spent in this place.
 C = Inter-level travel time spent in this place.
 D = Time resting spent in this place.
 E = Time spent auto-exploring this place.
 F = Levels seen in this place.
 G = Mean time per level.
                   A        B        C        D        E       F      G
               +--------+--------+--------+--------+--------+-----+--------+
         Total |  69680 |  64689 |   4991 |  23957 |  31238 |  35 | 1990.9 |
       Dungeon |  29222 |  26329 |   2893 |   9562 |  13809 |  15 | 1948.1 |
        Temple |    182 |    148 |     34 |      0 |    134 |   1 |  182.0 |
          Lair |  14044 |  13097 |    947 |   4603 |   6670 |   6 | 2340.7 |
     Snake Pit |  12425 |  11851 |    574 |   5172 |   4552 |   4 | 3106.2 |
  Orcish Mines |   5378 |   4965 |    413 |   2417 |   1626 |   2 | 2689.0 |
        Vaults |   6819 |   6691 |    128 |   1666 |   3748 |   2 | 3409.5 |
        Bailey |    599 |    599 |      0 |    146 |    274 |   1 |  599.0 |
      Ice Cave |    926 |    926 |      0 |    372 |    404 |   1 |  926.0 |
         Arena |     80 |     80 |      0 |     18 |     21 |   3 |   26.7 |
               +--------+--------+--------+--------+--------+-----+--------+

Top non-repeatable levels by time:
    D:14: 7163 daAuts
 Snake:4: 4131 daAuts
Vaults:1: 4046 daAuts
  Lair:4: 3853 daAuts
 Snake:3: 3702 daAuts
    D:12: 3516 daAuts
  Lair:5: 3353 daAuts
   Orc:1: 2988 daAuts
 Snake:2: 2939 daAuts
Vaults:2: 2773 daAuts
  Lair:6: 2718 daAuts
   Orc:2: 2389 daAuts
  Lair:3: 2006 daAuts
    D:13: 1979 daAuts
     D:8: 1854 daAuts
